 Dungeon Crawl Stone Soup version 0.22-a0-351-g29664b4 (webtiles) character file.

35322 Amnesiac the Nimble (level 13, -9/113 HPs)
             Began as a Demigod Conjurer on Apr 12, 2018.
             Mangled by a swamp worm (20 damage)
             ... on level 3 of the Lair of Beasts.
             The game lasted 00:41:26 (21807 turns).

Amnesiac the Nimble (Demigod Conjurer)             Turns: 21807, Time: 00:41:27

Health: -9/113     AC: 11    Str: 14    XL:     13   Next: 16%
Magic:  16/44      EV: 18    Int: 27    God:
Gold:   284        SH: 13    Dex: 16    Spells: 8/28 levels left

rFire    + . .     SeeInvis .   a - staff of power
rCold    + . .     Gourm    .   O - +2 shield of Resistance {rF+ rC+ MR+}
rNeg     . . .     Faith    .   R - +3 robe of Clouds {+Fly rElec}
rPois    .         Spirit   .   v - +2 hat {MR+}
rElec    +         Reflect  .   (no cloak)
rCorr    .         Harm     .   z - +2 pair of gloves {Str+3}
MR       +++..                  K - +0 pair of boots
Stlth    ++........             d - amulet of regeneration
HPRegen  0.68/turn              A - ring of flight
MPRegen  0.29/turn              (no ring)

@: about to teleport, very slightly contaminated
A: high mp 1
a: Evoke Flight


You were on level 3 of the Lair of Beasts.
You were not hungry.

You visited 3 branches of the dungeon, and saw 17 of its levels.
You also visited: Labyrinth.

You collected 1460 gold pieces.
You spent 1176 gold pieces at shops.

Inventory:

Hand Weapons
 b - a +2 hunting sling of velocity
Missiles
 f - 64 poisoned needles
 u - 127 sling bullets
Armour
 v - a +2 hat of magic resistance (worn)
 z - a +2 pair of gloves of strength (worn)
 K - a +0 pair of boots (worn)
 O - the +2 shield of Resistance (worn) {rF+ rC+ MR+}
   (You bought it in a shop on level 2 of the Orcish Mines)

   It protects you from fire.
   It protects you from cold.
   It affects your resistance to hostile enchantments.
 R - the +3 robe of Clouds (worn) {+Fly rElec}
   (You found it in a labyrinth)

   It insulates you from electricity.
   It lets you fly.
Magical Staves
 a - an uncursed staff of power (weapon)
 x - an uncursed staff of wizardry
 J - an uncursed staff of fire
Jewellery
 d - an amulet of regeneration (around neck)
 A - a ring of flight (left hand)
Wands
 m - a wand of polymorph (20)
 q - a wand of digging (13)
 w - a wand of acid (1)
 C - a wand of enslavement (14)
 D - a wand of paralysis (8)
 M - a wand of flame (13)
 Q - a wand of random effects (11)
 S - a wand of iceblast (5)
Scrolls
 e - 4 scrolls of identify {!r}
 g - 4 scrolls of teleportation {!r}
 j - a scroll of amnesia {!r}
 l - 4 scrolls of remove curse {!r}
 t - 3 scrolls of fog {!r}
 y - a scroll of enchant armour {!r}
 B - a scroll of summoning {!r}
 E - a scroll of enchant weapon {!r}
Potions
 h - 2 potions of ambrosia {!q}
 i - 7 potions of curing {!q}
 k - a potion of resistance {!q}
 n - 2 potions of lignification {!q}
 o - 2 potions of agility {!q}
 p - 2 potions of cancellation {!q}
 r - 3 potions of might {!q}
 s - 2 potions of flight {!q}
 F - 2 potions of invisibility {!q}
 G - a potion of haste {!q}
 N - a potion of magic {!q}
Miscellaneous
 H - a lamp of fire
 L - a sack of spiders
Comestibles
 c - 23 rations


   Skills:
 - Level 10.0 Fighting
 - Level 10.0 Dodging
 - Level 1.7 Stealth
 + Level 8.6 Shields
 - Level 8.0 Spellcasting
 - Level 8.0 Conjurations
 - Level 9.0 Evocations


You had 8 spell levels left.
You knew the following spells:

 Your Spells              Type           Power        Failure   Level  Hunger
a - Iskenderun's Mystic   Conj           ######..     4%          4    ##.....
b - Force Lance           Conj/Tloc      ####....     22%         4    ##.....
c - Summon Lightning Spi  Summ/Air       ##......     75%         4    ##.....
d - Bolt of Fire          Conj/Fire      ####......   98%         6    ######.
e - Searing Ray           Conj           ######       1%          2    None


Dungeon Overview and Level Annotations

Branches:
Dungeon (12/15)            Temple (0/1) D:6            Lair (3/6) D:8
  Snake (0/4) Lair:3          Orc (2/2) D:12            Elf (0/3) Orc:2
  Swamp: Lair:2-4    Shoals: Lair:2-4

Shops:
D:4 }   D:5 [   D:9 }   Orc:2 (!(*(

Annotations:
Orc:2 Saint Roka


Innate Abilities, Weirdness & Mutations

You have an increased reservoir of magic. (+10% MP)


Message History

The orb of energy hits the swamp worm.
You kill the swamp worm!
Casting: Iskenderun's Mystic Blast (safe; 4% risk of failure)
Confirm with . or Enter, or press ? or * to list all spells.
Aiming: Iskenderun's Mystic Blast (safe; 4% risk of failure)
Press: ? - help, Shift-Dir - straight line, f - porcupine
Aim: a porcupine The orb of energy hits the porcupine.
The porcupine is almost dead.
The orb of energy explodes!
Casting: Iskenderun's Mystic Blast (safe; 4% risk of failure)
Confirm with . or Enter, or press ? or * to list all spells.
Aiming: Iskenderun's Mystic Blast (safe; 4% risk of failure)
Press: ? - help, Shift-Dir - straight line, f/p - porcupine
Aim: a porcupine (thin mist, almost dead)
The orb of energy hits the porcupine.
You kill the porcupine!
The orb of energy explodes!
The tyrant leech completely misses you.
Casting: Iskenderun's Mystic Blast (safe; 4% risk of failure)
Confirm with . or Enter, or press ? or * to list all spells.
Aiming: Iskenderun's Mystic Blast (safe; 4% risk of failure)
Press: ? - help, Shift-Dir - straight line, f - tyrant leech
Aim: a tyrant leech The orb of energy hits the tyrant leech.
The tyrant leech is moderately wounded.
The orb of energy explodes!
The mystic blast hits the tyrant leech.
The tyrant leech is moderately wounded.
Casting: Iskenderun's Mystic Blast (safe; 4% risk of failure)
Confirm with . or Enter, or press ? or * to list all spells.
Aiming: Iskenderun's Mystic Blast (safe; 4% risk of failure)
Press: ? - help, Shift-Dir - straight line, f/p - tyrant leech
Aim: a tyrant leech (moderately wounded)
The orb of energy hits the tyrant leech.
The tyrant leech is moderately wounded.
The tyrant leech bites you.
The tyrant leech draws strength from your injuries!
You block the tyrant leech's attack.
Unknown command.
A tyrant leech comes into view.
The tyrant leech bites you!!
The tyrant leech draws strength from your injuries!
The tyrant leech bites you!!
* * * LOW HITPOINT WARNING * * *
The tyrant leech draws strength from your injuries!
The swamp worm throws harpoon shot at you.
The harpoon shot hits you!
* * * LOW HITPOINT WARNING * * *
You are yanked forward by the harpoon shot.
Unknown command.
Really read
g - 5 scrolls of teleportation {!r}?
As you read the scroll of teleportation {!r}, it crumbles to dust.
You feel strangely unstable.
Being near the torpor snail leaves you feeling lethargic.
You block the swamp worm's attack. The swamp worm bites you!
* * * LOW HITPOINT WARNING * * *
You block the tyrant leech's attack. The tyrant leech closely misses you.
A torpor snail comes into view.
You feel yourself speed up.
The swamp worm throws harpoon shot at you.
The harpoon shot hits you!
* * * LOW HITPOINT WARNING * * *
You are yanked forward by the harpoon shot.
The swamp worm bites you!!
You die...

≈...# ≈w≈.P ###### #≈≈≈
##.##.## #≈≈# #....... ≈
##≈≈## #.......
≈≈#######≈≈≈.# ##.......
≈≈≈≈≈≈≈≈†≈≈.# #........
..≈≈≈≈≈§ww..######.......
##...w@w..##.##........
##...§w..'..≈.P.......
#...§§§.#§#P.+.......
#....§.§.#####........
##..#P.### ##.......
##..... #...P... ##....#
##...P.. ##.#.. ##.....#
###..# #.≈≈≈≈≈P


You could see 3 tyrant leeches, a torpor snail (wandering) and 2 swamp worms.

Vanquished Creatures
  Gastronok (D:9)
  A minotaur (Lab)
  A catoblepas (Lair:3)
  3 hydras
  The ghost of Amnesiac the Prestidigitator, a journeyman SpBe of Trog (Orc:2)
  A centaur warrior (D:11)
  3 two-headed ogres
  3 orc high priests (Orc:2)
  2 unseen horrors
  5 orc knights (Orc:2)
  An ugly thing (D:11)
  An oklob plant (Lair:2)
  4 orc sorcerers (Orc:2)
  A cyclops (D:12)
  Joseph (D:9)
  A centaur skeleton (D:10)
  4 spiny frogs (Lair:2)
  3 komodo dragons
  4 trolls
  A tyrant leech (Lair:3)
  A hornet (D:10)
  5 slime creatures
  3 blink frogs (Lair:1)
  5 hippogriffs
  9 yaks
  A wraith (D:11)
  2 wyverns
  4 hogs (D:7)
  A human (D:7)
  A hungry ghost (D:12)
  A steam dragon (D:7)
  5 wargs
  5 water moccasins
  4 swamp worms (Lair:3)
  10 porcupines
  17 orc warriors
  5 sky beasts
  2 ice beasts
  A necrophage (D:7)
  3 black bears
  8 ogres
  2 phantoms
  An eye of draining (D:12)
  4 centaurs
  6 crocodiles
  A wyvern zombie (D:10)
  8 bullfrogs
  A gnoll sergeant (D:9)
  6 scorpions
  3 killer bees (D:11)
  3 howler monkeys
  6 crimson imps
  2 bullfrog zombies
  3 centaur zombies
  3 hounds
  2 quasits
  An iron imp (D:8)
  2 jellies
  21 orc priests
  18 orc wizards
  3 bullfrog skeletons
  An iguana (D:12)
  8 worker ants
  A hound skeleton (D:5)
  2 hound zombies
  A worker ant zombie (D:6)
  15 adders
  7 gnolls
  A shadow imp (D:11)
  An adder zombie (D:9)
  4 worms
  A dart slug (D:3)
  3 leopard geckos
  80 orcs
  A ball python (D:6)
  7 giant cockroaches
  8 goblins
  6 hobgoblins
  9 jackals
  3 quokkas
  8 bats
  4 frilled lizards
  7 kobolds
  A leopard gecko skeleton (D:8)
  2 quokka skeletons
  7 rats
  A spectral orc (D:7)
  A fungus (D:8)
  A plant (Lair:2)
422 creatures vanquished.

Vanquished Creatures (others)
  An orc wizard (Orc:2)
  An orc (Orc:2)
  3 fungi
  5 plants (Lair:3)
10 creatures vanquished.

Grand Total: 432 creatures vanquished

Notes
Turn   | Place    | Note
-------+----------+-------------------------------------------
     0 | D:1      | Amnesiac the Demigod Conjurer began the quest for the Orb.
     0 | D:1      | Reached XP level 1. HP: 14/14 MP: 5/5
   556 | D:1      | Reached XP level 2. HP: 20/20 MP: 5/7
   964 | D:2      | Reached XP level 3. HP: 26/26 MP: 1/9
  1118 | D:2      | Learned a level 2 spell: Searing Ray
  1302 | D:2      | Found a shimmering altar of Xom.
  1304 | D:2      | Found a shimmering altar of Xom.
  1304 | D:2      | Found a shimmering altar of Xom.
  1313 | D:2      | Found a shimmering altar of Xom.
  1317 | D:2      | Found a shimmering altar of Xom.
  1456 | D:2      | Found a glowing golden altar of the Shining One.
  1585 | D:2      | Reached XP level 4. HP: 33/33 MP: 6/12
  2114 | D:3      | Found a bloodstained altar of Trog.
  2146 | D:3      | Found a stormy altar of Qazlal.
  2331 | D:3      | Found a blossoming altar of Fedhas.
  2539 | D:3      | Reached XP level 5. HP: 38/38 MP: 9/14
  2835 | D:3      | Reached skill level 5 in Conjurations
  2972 | D:3      | Learned a level 4 spell: Iskenderun's Mystic Blast
  3055 | D:3      | Learned a level 4 spell: Force Lance
  3097 | D:4      | Noticed a phantom
  3113 | D:3      | Killed a phantom
  3113 | D:3      | Reached XP level 6. HP: 33/45 MP: 4/15
  3698 | D:4      | Found a sparkling altar of Nemelex Xobeh.
  4373 | D:4      | Found Ollellat's Gadget Shoppe.
  4623 | D:5      | Entered Level 5 of the Dungeon
  4681 | D:5      | Reached XP level 7. HP: 50/50 MP: 16/16
  5055 | D:5      | Found Umnuac's Armour Emporium.
  5063 | D:5      | Bought a +1 pair of gloves of strength for 231 gold pieces
  5313 | D:6      | Reached skill level 5 in Spellcasting
  5387 | D:6      | Reached XP level 8. HP: 57/57 MP: 10/19
  5413 | D:6      | Found a staircase to the Ecumenical Temple.
  6343 | D:7      | Found a shattered altar of Ashenzari.
  6494 | D:7      | Found an iron altar of Okawaru.
  6741 | D:7      | Noticed a hand axe
  6741 | D:7      | Found a hide-covered altar of Uskayaw.
  6742 | D:7      | Noticed a dagger
  6853 | D:7      | Reached skill level 1 in Fighting
  6858 | D:7      | Reached XP level 9. HP: 52/68 MP: 4/25
  6903 | D:7      | Reached skill level 1 in Evocations
  7123 | D:7      | Found a basalt altar of Yredelemnul.
  7659 | D:8      | Found a shimmering altar of Xom.
  8098 | D:8      | Found a snail-covered altar of Cheibriados.
  8165 | D:8      | Found a staircase to the Lair.
  8316 | D:9      | Found an opulent altar of Gozag.
  8319 | D:9      | Noticed Joseph
  8331 | D:9      | Reached skill level 5 in Evocations
  8826 | D:9      | Killed Joseph
  8946 | D:9      | Identified a scroll of acquirement {!r}
  8989 | D:9      | Learned a level 4 spell: Summon Lightning Spire
  9219 | D:9      | Noticed Gastronok
  9268 | D:9      | Killed Gastronok
  9268 | D:9      | Reached XP level 10. HP: 60/74 MP: 2/26
  9469 | D:9      | Found Zeoxymeisen's Gadget Shop.
  9748 | D:10     | Entered Level 10 of the Dungeon
  9792 | D:10     | Reached skill level 1 in Shields
 10536 | D:11     | Noticed a centaur warrior
 10550 | D:11     | Killed a centaur warrior
 10903 | D:11     | Noticed a cyan ugly thing
 10910 | D:11     | Killed a cyan ugly thing
 11121 | D:11     | Reached XP level 11. HP: 85/85 MP: 18/27
 11170 | D:11     | Noticed a four-headed hydra
 11179 | D:11     | Killed a four-headed hydra
 11181 | D:11     | Reached skill level 5 in Fighting
 11186 | D:11     | Noticed a two-headed ogre
 11298 | D:11     | Killed a two-headed ogre
 11298 | D:11     | Reached skill level 5 in Dodging
 11565 | D:11     | Killed an unseen horror
 12043 | D:12     | Found a staircase to the Orcish Mines.
 12860 | D:12     | Noticed a two-headed ogre
 12886 | D:12     | Killed a two-headed ogre
 13745 | D:12     | Killed an unseen horror
 14472 | Orc:1    | Entered Level 1 of the Orcish Mines
 15015 | Orc:2    | Entered Level 2 of the Orcish Mines
 15016 | Orc:2    | Noticed a two-headed ogre
 15020 | Orc:2    | Noticed Amnesiac's ghost (journeyman SpBe)
 15021 | Orc:2    | Killed a two-headed ogre
 15138 | Orc:2    | Killed Amnesiac's ghost
 15283 | Orc:2    | Found a staircase to the Elven Halls.
 15412 | Orc:2    | Reached XP level 12. HP: 103/103 MP: 28/28
 15596 | Orc:2    | Found Visiha's Weapon Boutique.
 16236 | Orc:2    | Noticed Saint Roka
 17774 | Orc:2    | Reached skill level 10 in Fighting
 17774 | Orc:2    | Reached skill level 10 in Dodging
 17883 | Orc:2    | Found Uxza Iro's Assorted Antiques.
 17883 | Orc:2    | Found Puides's Antique Weapon Shop.
 17885 | Orc:2    | Found Uthas's Weapon Shoppe.
 17885 | Orc:2    | Found Ucruwkakh's Distillery.
 17901 | Orc:2    | Bought the +2 shield of Resistance {rF+ rC+ MR+} for 945 gold pieces
 17901 | Orc:2    | Found the +2 shield of Resistance {rF+ rC+ MR+}
 18115 | Lair:1   | Entered Level 1 of the Lair of Beasts
 18307 | Lair:1   | Found a labyrinth entrance.
 18398 | Lab      | Entered a labyrinth
 18726 | Lab      | Noticed a minotaur
 18736 | Lab      | Learned a level 6 spell: Bolt of Fire
 18743 | Lab      | Killed a minotaur
 18743 | Lab      | Reached skill level 5 in Shields
 18750 | Lab      | Got an ichor-stained spear {freeze}
 18759 | Lab      | Found the +3 robe of Clouds {+Fly rElec}
 19107 | Lair:1   | Noticed a four-headed hydra
 19114 | Lair:1   | Killed a four-headed hydra
 19144 | Lair:1   | Identified the +7 spear "Amonudop" {freeze, Dex+4} (You took it off a minotaur in a labyrinth)
 20756 | Lair:3   | Reached XP level 13. HP: 113/113 MP: 17/29
 21410 | Lair:3   | Found a staircase to the Snake Pit.
 21807 | Lair:3   | Mangled by a swamp worm

Vault maps used:
D:1:      minmay_arrival_wavy_path, item_on_display_a
D:2:      tso_oasis_becter, first_ration, xom_redecorated
D:3:      overflow_temple_1_default, grunt_qazlal_clouds, bloody_trog
D:4:      nemelex_xobeh_ov_fountains_minmay, serial_shops, shop_fountains
D:5:      serial_shops, shop
D:6:      temple_statues
D:7:      overflow_temple_1_default, old_standard_altar,
          dancing_weapons_uskayaw, yredelemnul_forgotten_temple_becter,
          grunt_livestock
D:8:      slow_altar_2, overflow_temple_1_default,
          grunt_lair_entry_orc_guard_hut
D:9:      overflow_temple_1_default, serial_shops, shop,
          kennysheep_another_room, uniq_gastronok, uniq_joseph
D:12:     david_orc_2, minivault_25_ag, eino_small_chamber_without_monster,
          kennysheep_boxes
Lair:1:   lab_entry_generic, st_stairs_8, nicolae_quartered_pool_little,
          grunt_megastairs_3
Lair:2:   serial_bayou_pond_c, minmay_lair_oklob_chamber
Lair:3:   guppyfry_snake_entry_island, worms_lemuel
Orc:2:    grunt_orc_tribal_feast, serial_shops, shop, uniq_saint_roka
Lab:      labyrinth_green, nicolae_lab_dead_end

Skill      XL: |  1  2  3  4  5  6  7  8  9 10 11 12 13 |
---------------+----------------------------------------+-----
Spellcasting   | 2 3 4 5 8 |  8.0
Conjurations   | 4 5 7 8 |  8.0
Fighting       | 2 4 8 10 | 10.0
Dodging        | 2 4 8 10 | 10.0
Evocations     | 8 9 |  9.0
Shields        | 4 7 8 |  8.6
Stealth        | |  1.7

Action                   |  1- 3 |  4- 6 |  7- 9 | 10-12 | 13-15 || total
-------------------------+-------+-------+-------+-------+-------++-------
Melee: Unarmed           |     8 |       |       |       |       ||     8
       Staff             |       |       |       |     8 |     8 ||    16
 Fire: Hunting sling     |       |    67 |   110 |    36 |       ||   213
 Cast: Magic Dart        |    86 |    79 |     2 |       |       ||   167
       Searing Ray       |     1 |    15 |    16 |       |       ||    32
       Iskenderun's Myst |       |       |   103 |   534 |    73 ||   710
       Summon Lightning  |       |       |       |     2 |       ||     2
       Bolt of Fire      |       |       |       |     3 |       ||     3
Evoke: Wand              |       |       |       |    19 |     3 ||    22
       Lamp of fire      |       |       |       |     1 |       ||     1
  Use: Scroll            |       |     7 |    14 |    13 |     2 ||    36
       Potion            |       |       |     3 |     3 |       ||     6
  Eat: Chunk             |     2 |    10 |    21 |    43 |     2 ||    78
       Ration            |       |       |       |     5 |     1 ||     6
Armor: Robe              |     1 |     5 |       |     2 |     6 ||    14
       Ring mail         |       |     5 |    14 |       |       ||    19
       Steam dragon scal |       |       |    21 |    94 |       ||   115
       Skin              |       |       |       |     4 |       ||     4
Dodge: Dodged            |    13 |    27 |    59 |   194 |    34 ||   327
Block: Buckler           |       |       |       |    54 |     1 ||    55
       Shield            |       |       |       |       |    38 ||    38

Table legend:
 A = Spawn XP
 B = Non-spawn XP
 C = Spawn XP percentage of total XP
 D = Spawn monster count
 E = Non-spawn monster count
 F = Spawn count percentage of total count
 G = Total turns spent on level
                    A         B        C        D         E        F      G
               +---------+---------+-------+---------+---------+-------+---------
         Total |       0 |   50460 |   0.0 |       0 |     420 |   0.0 | 21807
               +---------+---------+-------+---------+---------+-------+---------
           D:1 |       0 |      22 |   0.0 |       0 |      13 |   0.0 |   887
           D:2 |       0 |     116 |   0.0 |       0 |      30 |   0.0 |  1147
           D:3 |       0 |     344 |   0.0 |       0 |      37 |   0.0 |  1433
           D:4 |       0 |     329 |   0.0 |       0 |      17 |   0.0 |  1156
           D:5 |       0 |     447 |   0.0 |       0 |      17 |   0.0 |   552
           D:6 |       0 |     801 |   0.0 |       0 |      20 |   0.0 |  1056
           D:7 |       0 |    1763 |   0.0 |       0 |      14 |   0.0 |  1109
           D:8 |       0 |     943 |   0.0 |       0 |      15 |   0.0 |  1061
           D:9 |       0 |    3894 |   0.0 |       0 |      33 |   0.0 |  1396
          D:10 |       0 |    1583 |   0.0 |       0 |      14 |   0.0 |   952
          D:11 |       0 |    6544 |   0.0 |       0 |      36 |   0.0 |  2032
          D:12 |       0 |    6075 |   0.0 |       0 |      41 |   0.0 |  1983
        Lair:1 |       0 |    2490 |   0.0 |       0 |       7 |   0.0 |   770
        Lair:2 |       0 |    4368 |   0.0 |       0 |      21 |   0.0 |  1383
        Lair:3 |       0 |    5515 |   0.0 |       0 |      21 |   0.0 |  1062
         Orc:1 |       0 |     914 |   0.0 |       0 |      17 |   0.0 |  1101
         Orc:2 |       0 |   13051 |   0.0 |       0 |      66 |   0.0 |  2250
           Lab |       0 |    1261 |   0.0 |       0 |       1 |   0.0 |   477
               +---------+---------+-------+---------+---------+-------+---------
